 Dungeon Crawl Stone Soup version 0.18.1-50-g88ac8fd (webtiles) character file.

28833 Adamkad1 the Grand Gadgeteer (level 13, -14/96 HPs)
             Began as a Deep Dwarf Artificer on Jan 7, 2019.
             Was the Champion of Pakellas.
             Hit by a large rock thrown by a cyclops (41 damage)
             ... on level 13 of the Dungeon.
             The game lasted 01:27:33 (15738 turns).

Adamkad1 the Grand Gadgeteer (DDAr)                Turns: 15738, Time: 01:27:33

Health: -14/96     AC: 14    Str: 15    XL:     13   Next: 11%
Magic:  14/14      EV: 10    Int: 18    God:    Pakellas [******]
Gold:   925        SH:  0    Dex: 15    Spells: 0 memorised, 12 levels left

rFire  . . .     SeeInvis .     I - +4 iron rod (15/15)
rCold  . . .     Gourm    .     T - +3 scale mail {rPois}
rNeg   . . .     Faith    .     (no shield)
rPois  +         Spirit   .     (no helmet)
rElec  .         Dismiss  .     (no cloak)
rCorr  .         Reflect  .     t - +2 pair of gloves
SustAt .         Harm     .     (no boots)
MR     +....     Rnd*Rage +     (no amulet)
Stlth  +.........               (no ring)
                                (no ring)

@: non-regenerating, somewhat resistant to hostile enchantments, very unstealthy
A: damage resistance, recharge devices, icy blue scales 1, thin skeletal
structure 1, berserk 1, sense surroundings 2, shaggy fur 1, slow regeneration 3,
wild magic 1
a: Device Recharging, Quick Charge, Device Surge, Supercharge, Renounce Religion


You were on level 13 of the Dungeon.
You worshipped Pakellas.
Pakellas was exalted by your worship.
You were not hungry.

You visited 1 branch of the dungeon, and saw 13 of its levels.
You also visited: Sewer and Ice Cave.

You collected 925 gold pieces.

Inventory:

Armour
 t - a +2 pair of gloves (worn)
 P - a +1 robe of cold resistance
 T - a +3 scale mail of poison resistance (worn)
Rods
 I - a +4 iron rod (15/15) (in hand)
   (Pakellas gifted it to you on level 8 of the Dungeon)
Jewellery
 b - a +3 ring of intelligence
 g - an uncursed ring of stealth
 K - an uncursed ring of magical power
 R - an uncursed ring of ice
Wands
 c - a wand of flame (19/48)
 d - a wand of enslavement (0/24)
 e - a wand of random effects (0/48)
 f - a wand of heal wounds (3/9)
 n - a wand of digging (9/24)
 q - a wand of polymorph (12/24)
 v - a wand of paralysis (14/24)
 z - a wand of lightning (8/15)
 D - a wand of lightning (0/15)
 F - a wand of iceblast (0/15)
 L - a wand of teleportation (3/9)
 O - a wand of acid (0/15)
Scrolls
 m - 6 scrolls of remove curse
 s - 4 scrolls of magic mapping
 u - a scroll of fear
 y - a scroll of blinking
 A - 10 scrolls of identify
 E - 2 scrolls of fog
 H - 3 scrolls of teleportation
 J - a scroll of enchant armour
 N - 3 scrolls of enchant weapon
 U - a scroll of summoning
Potions
 i - 4 potions of agility
 l - 6 potions of curing
 w - 2 potions of might
 x - a potion of brilliance
 G - a potion of heal wounds
 M - 2 potions of invisibility
 Q - a potion of berserk rage
Books
 a - a book of Clouds

   Spells                             Type                      Level
   a - Mephitic Cloud                 Conjuration/Poison/Air       3
   b - Conjure Flame                  Conjuration/Fire             3
   c - Poisonous Cloud                Conjuration/Poison/Air       6
   d - Freezing Cloud                 Conjuration/Ice/Air          6
   e - Ring of Flames                 Charms/Fire                  7
 h - a book of Callings

   Spells                             Type                      Level
   a - Summon Small Mammal            Summoning                    1
   b - Call Imp                       Summoning                    2
   c - Call Canine Familiar           Summoning                    3
   d - Summon Guardian Golem          Hexes/Summoning              3
   e - Summon Lightning Spire         Summoning/Air                4
   f - Summon Ice Beast               Ice/Summoning                4
 B - a book of Debilitation

   Spells                             Type                      Level
   a - Corona                         Hexes                        1
   b - Slow                           Hexes                        2
   c - Gell's Gravitas                Hexes/Translocation          3
   d - Inner Flame                    Hexes/Fire                   3
   e - Cause Fear                     Hexes                        4
   f - Leda's Liquefaction            Hexes/Earth                  4
 S - a book of Ice

   Spells                             Type                      Level
   a - Ice Form                       Ice/Transmutation            4
   b - Metabolic Englaciation         Hexes/Ice                    5
   c - Ozocubu's Refrigeration        Ice                          6
   d - Bolt of Cold                   Conjuration/Ice              6
   e - Freezing Cloud                 Conjuration/Ice/Air          6
   f - Simulacrum                     Ice/Necromancy               6
Miscellaneous
 k - a phial of floods
 o - a lamp of fire
 p - a box of beasts {used: 5}
Comestibles
 j - 2 slices of pizza
 r - 8 meat rations
 C - 16 fruits
 V - a beef jerky


   Skills:
 - Level 0.8 Fighting
   Level 0.8 Short Blades
 - Level 2.1 Dodging
 - Level 1.2 Stealth
 * Level 25.1 Evocations


You had 12 spell levels left.
You didn't know any spells.

Dungeon Overview and Level Annotations

Branches:
Dungeon (13/15)            Temple (0/1) D:4            Lair (0/8) D:10
    Orc (0/2) D:10
 Vaults: D:13-14

Altars:
Ashenzari
Fedhas
Kikubaaqudgha
Pakellas
Vehumet
Xom
Yredelemnul

Annotations:
D:10 1 runed door


Innate Abilities, Weirdness & Mutations

You are resistant to damage.
You can recharge devices by infusing magical energy.
You passively map the area around you.
You do not regenerate naturally.
You are partially covered in icy blue scales (AC +1).
You have a somewhat thin skeletal structure (Dex +2, Stealth).
You tend to lose your temper in combat.
You are covered in fur (AC +1).
Your spells are a little harder to cast, but a little more powerful.


Message History

Okay, then.
Unknown command.
Charge which item? (? for menu, Esc to quit)
Okay, then.
Read which item? (? for menu, Esc to quit)
Okay, then.
There is a stone staircase leading up here.
Found a stone staircase leading up.
A cyclops comes into view.
The cyclops shouts!
The cyclops throws a large rock.
The large rock hits you but does no damage.
There is a stone staircase leading up here.
You see here a large rock.
The cyclops throws a large rock.
The large rock hits you!!
* * * LOW HITPOINT WARNING * * *
You see here a large rock.
The cyclops throws a large rock.
The large rock hits you!!!
You die...
Pakellas says: Time to find a new assistant...

######################## *
.....................C.. ,
,
...............(@.......,,
#############..<######## *
* * #...########* *,
#############........... ,
........................,,
, , ,
..÷.................####
** #...................#
#...†K..............#
#...................#


You could see a cyclops.

Vanquished Creatures
  A frost giant (IceCv)
  Fannar (D:10)
  Harold (D:12)
  Erolcha (D:10)
  3 death yaks (IceCv)
  5 hill giants
  2 ugly things
  A manticore (D:13)
  2 cyclopes (D:11)
  2 ice statues
  A rust devil (D:13)
  2 gargoyles
  A queen bee (D:9)
  3 trolls
  13 polar bears (IceCv)
  6 slime creatures (D:12)
  A hornet zombie (D:10)
  Grinder (D:3)
  Sigmund (D:2)
  19 yaks
  2 wyverns
  A vampire (D:9)
  6 hogs (D:13)
  A hippogriff (D:7)
  3 hungry ghosts
  A mottled dragon (D:11)
  Edmund (D:6)
  A sky beast (D:6)
  5 orc warriors
  An ice beast (D:8)
  2 phantoms
  2 wasps (D:12)
  16 wolves (IceCv)
  6 ogres
  8 centaurs
  A crocodile (D:10)
  Blork the orc (D:4)
  10 giant frogs
  5 scorpions
  12 killer bees
  7 howler monkeys
  2 vampire bats (D:8)
  A giant frog zombie (D:8)
  3 crimson imps
  A centaur zombie (D:10)
  A quasit (D:10)
  A wasp zombie (D:10)
  8 orc wizards
  4 giant frog skeletons
  3 hounds
  4 jellies
  13 orc priests
  6 iron imps (D:13)
  3 iguanas
  Terence (D:3)
  2 centaur skeletons (D:11)
  7 worker ants
  A killer bee zombie (D:6)
  A hound zombie (D:7)
  A howler monkey zombie (D:10)
  Robin (D:3)
  5 gnolls
  8 river rats
  15 adders
  2 shadow imps
  An ooze (Sewer)
  2 adder skeletons (D:5)
  A dart slug (D:1)
  7 giant geckos
  39 orcs
  13 ball pythons
  12 bats
  2 bat skeletons (D:8)
  2 bat zombies (D:8)
  4 giant cockroaches
  5 goblins
  8 hobgoblins
  5 jackals
  7 quokkas
  A giant gecko skeleton (D:8)
  7 giant newts
  4 kobolds
  36 rats
  A plant (D:9)
410 creatures vanquished.

Vanquished Creatures (collateral kills)
  The ghost of Hawkwind the Blocker, a novice GrFi of Okawaru (D:8)
  A hill giant (D:10)
  A troll (D:10)
  A hippogriff (D:8)
  2 ogres (D:7)
  A giant frog (D:9)
  15 killer bees
  A scorpion (D:7)
  A howler monkey (D:8)
  A crimson imp (D:7)
  A hound (D:10)
  A giant frog skeleton (D:8)
  An orc priest (D:10)
  2 river rats (D:7)
  An adder (D:9)
  2 giant geckos
  7 orcs
  A giant cockroach (D:3)
  2 goblins (D:3)
  3 hobgoblins (D:3)
  A jackal (D:8)
  A giant newt (D:5)
  2 jackal zombies (D:6)
  17 rats (D:7)
67 creatures vanquished.

Vanquished Creatures (others)
  An orc warrior (D:10)
  4 yaks (IceCv)
  A hungry ghost (D:2)
  An ogre (D:7)
  3 wolves (IceCv)
  A scorpion (D:11)
  A hell rat (D:7)
  A killer bee (D:9)
  2 hounds
  An orc wizard (D:8)
  An iguana (D:9)
  A river rat (D:7)
  An orc (D:6)
  A goblin (D:3)
  A bat (D:1)
  2 giant newts
  2 fungi (D:10)
  2 plants (D:10)
27 creatures vanquished.

Grand Total: 504 creatures vanquished

Notes
Turn   | Place    | Note
--------------------------------------------------------------
     0 | D:1      | Adamkad1 the Deep Dwarf Artificer began the quest for the Orb.
     0 | D:1      | Reached XP level 1. HP: 16/16 MP: 3/3
    85 | D:1      | Reached XP level 2. HP: 24/24 MP: 5/5
   344 | D:1      | Reached skill level 5 in Evocations
   654 | D:2      | Reached XP level 3. HP: 28/30 MP: 6/6
   683 | D:2      | Found a radiant altar of Vehumet.
   718 | D:2      | Noticed Sigmund
   733 | D:2      | Killed Sigmund
   733 | D:2      | Reached skill level 8 in Evocations
   733 | D:2      | Reached XP level 4. HP: 28/37 MP: 7/9
   733 | D:2      | Reached XP level 5. HP: 32/43 MP: 7/10
   929 | D:2      | Found an oddly glowing altar of Pakellas.
   930 | D:2      | Noticed a hungry ghost
   936 | D:2      | Became a worshipper of Pakellas the Inventive
   937 | D:2      | Killed a hungry ghost
  1015 | D:2      | You fall through a shaft!
  1052 | D:3      | Noticed Terence
  1151 | D:3      | Killed Terence
  1222 | D:3      | Noticed Robin
  1280 | D:3      | Reached * piety under Pakellas
  1280 | D:3      | Received a gift from Pakellas
  1302 | D:3      | Killed Robin
  1302 | D:3      | Reached XP level 6. HP: 33/50 MP: 10/10
  1582 | D:3      | Reached skill level 9 in Evocations
  1676 | D:3      | Noticed Grinder
  1678 | D:3      | Paralysed by Grinder for 3 turns
  1685 | D:3      | Killed Grinder
  1685 | D:3      | Reached skill level 10 in Evocations
  2078 | D:4      | Reached XP level 7. HP: 29/56 MP: 6/12
  2131 | D:4      | Reached skill level 11 in Evocations
  2462 | D:4      | Noticed Blork the orc
  2468 | D:4      | Killed Blork the orc
  2483 | D:4      | Found a glowing drain.
  2492 | Sewer    | Entered a sewer
  2583 | Sewer    | Reached skill level 12 in Evocations
  2602 | Sewer    | Reached ** piety under Pakellas
  2602 | Sewer    | Received a gift from Pakellas
  2834 | Sewer    | Reached XP level 8. HP: 62/63 MP: 8/13
  2837 | Sewer    | Reached *** piety under Pakellas
  2837 | Sewer    | Received a gift from Pakellas
  2950 | D:4      | Found a staircase to the Ecumenical Temple.
  3107 | D:5      | Entered Level 5 of the Dungeon
  3134 | D:5      | Reached skill level 13 in Evocations
  3449 | D:5      | Found a shimmering altar of Xom.
  3472 | D:5      | Reached skill level 14 in Evocations
  3918 | D:6      | Noticed Edmund
  4023 | D:6      | Killed Edmund
  4386 | D:6      | Gained mutation: You passively map the area around you. [Deep Dwarf growth]
  4386 | D:6      | Reached XP level 9. HP: 55/69 MP: 10/16
  4550 | D:6      | Reached skill level 15 in Evocations
  4668 | D:6      | Gained mutation: You are partially covered in icy blue scales (AC +1). [mutagenic meat]
  4669 | D:6      | Gained mutation: You have a somewhat thin skeletal structure (Dex +2, Stealth). [mutagenic meat]
  4670 | D:6      | Gained mutation: Your spells are a little harder to cast, but a little more powerful. [mutagenic meat]
  4671 | D:6      | Gained mutation: You are clumsy. (Dex -2) [mutagenic meat]
  4673 | D:6      | Lost mutation: You are clumsy. (Dex -2) [mutagenic meat]
  4826 | D:6      | Found a shattered altar of Ashenzari.
  5169 | D:7      | Found a radiant altar of Vehumet.
  5304 | D:7      | Gained mutation: You tend to lose your temper in combat. [potion of mutation]
  5304 | D:7      | Gained mutation: You are covered in fur (AC +1). [potion of mutation]
  5355 | D:7      | Reached skill level 16 in Evocations
  5373 | D:7      | Reached **** piety under Pakellas
  5373 | D:7      | Received a gift from Pakellas
  6161 | D:8      | Reached skill level 17 in Evocations
  6282 | D:8      | Found a blossoming altar of Fedhas.
  6310 | D:8      | Noticed Hawkwind's ghost (novice GrFi)
  6317 | D:8      | Killed Hawkwind's ghost
  6317 | D:8      | Reached XP level 10. HP: 65/76 MP: 2/14
  6456 | D:8      | Reached ***** piety under Pakellas
  6456 | D:8      | Received a gift from Pakellas
  6462 | D:8      | Found an ancient bone altar of Kikubaaqudgha.
  6982 | D:9      | Reached skill level 18 in Evocations
  7358 | D:9      | Found a radiant altar of Vehumet.
  7985 | D:9      | Reached skill level 19 in Evocations
  8242 | D:10     | Entered Level 10 of the Dungeon
  8293 | D:10     | Noticed Erolcha
  8322 | D:10     | Killed Erolcha
  8545 | D:10     | Noticed a hill giant
  8551 | D:10     | Killed a hill giant
  8658 | D:10     | Noticed Fannar
  8661 | D:10     | Killed Fannar
  8661 | D:10     | Reached skill level 20 in Evocations
  8661 | D:10     | Reached XP level 11. HP: 58/82 MP: 7/15
  8708 | D:10     | Noticed a hill giant
  8721 | D:10     | Killed a hill giant
  8736 | D:10     | Found a runed door.
  8841 | D:10     | Found a basalt altar of Yredelemnul.
  9376 | D:10     | Found a staircase to the Lair.
  9729 | D:10     | Found a staircase to the Orcish Mines.
 10048 | D:11     | Reached skill level 21 in Evocations
 10317 | D:11     | Found a frozen archway.
 10414 | IceCv    | Entered an ice cave
 11011 | IceCv    | Reached skill level 22 in Evocations
 11309 | IceCv    | Reached XP level 12. HP: 42/90 MP: 9/14
 11587 | IceCv    | Noticed a death yak
 11869 | IceCv    | Noticed a death yak
 11869 | IceCv    | Killed a death yak
 11892 | IceCv    | Killed a death yak
 12066 | IceCv    | Reached skill level 23 in Evocations
 12390 | IceCv    | Noticed a frost giant
 12391 | IceCv    | Noticed a death yak
 12419 | IceCv    | Killed a frost giant
 12442 | IceCv    | Killed a death yak
 12573 | IceCv    | Got a steaming mace
 13048 | D:11     | Reached skill level 24 in Evocations
 13605 | D:12     | Noticed Harold
 13610 | D:12     | Killed Harold
 13751 | D:12     | Reached ****** piety under Pakellas
 14855 | D:12     | Reached XP level 13. HP: 47/96 MP: 13/14
 15055 | D:13     | Found an ancient bone altar of Kikubaaqudgha.
 15311 | D:13     | Reached skill level 25 in Evocations
 15738 | D:13     | Hit by a large rock thrown by a cyclops

Skill      XL: |  1  2  3  4  5  6  7  8  9 10 11 12 13 |
---------------+----------------------------------------+-----
Evocations     | 5 8 10 12 14 17 20 22 24 25 | 25.1
Fighting       | |  0.8
Short Blades   | |  0.8
Dodging        | |  2.1
Stealth        | |  1.2

Action                   |  1- 3 |  4- 6 |  7- 9 | 10-12 | 13-15 || total
-------------------------+-------+-------+-------+-------+-------++-------
Melee: Short sword       |       |     2 |       |       |       ||     2
Invok: Quick Charge      |       |     2 |    18 |    21 |     1 ||    42
       Device Surge      |       |       |     1 |       |       ||     1
 Abil: Device Recharging |     1 |     2 |     5 |     7 |       ||    15
Evoke: Wand              |    50 |    73 |   250 |   247 |     4 ||   624
       Box of beasts     |       |       |     3 |     2 |       ||     5
       Rod               |       |       |       |   106 |    14 ||   120
  Use: Scroll            |     2 |     1 |     8 |     9 |     1 ||    21
       Potion            |       |       |    10 |     4 |       ||    14
  Eat: Chunk             |       |     3 |    24 |    24 |     1 ||    52
       Fruit             |       |       |       |     7 |     1 ||     8
       Meat ration       |       |       |       |     3 |       ||     3
       Beef jerky        |       |       |       |     1 |       ||     1
       Bread ration      |       |       |       |     4 |     1 ||     5
       Pizza             |       |       |       |       |     1 ||     1
Armor: Ring mail         |     8 |    23 |    62 |   101 |       ||   194
       Skin              |       |       |       |     2 |       ||     2
       Robe              |       |       |       |    26 |       ||    26
       Scale mail        |       |       |       |    21 |     4 ||    25
Dodge: Dodged            |    17 |    23 |    61 |   183 |     4 ||   288
